 Dungeon Crawl Stone Soup version 0.30-a0-4-ga7cffc901d (webtiles) character file.

Game seed: 17898672638543344815

63 Flugkiller the Covered (level 3, -2/33 HPs)
             Began as a Minotaur Fighter on Aug 21, 2022.
             Succumbed to Terence's poison
             ... on level 2 of the Dungeon.
             The game lasted 00:00:41 (951 turns).

Flugkiller the Covered (Minotaur Fighter)            Turns: 951, Time: 00:00:42

Health: -2/33      AC:  9    Str: 20    XL:     3   Next: 89%
Magic:  2/2        EV:  7    Int:  5    God:
Gold:   98         SH:  4    Dex: 11    Spells: 2/2 levels left

rFire   . . .      SeeInvis .    a - +0 war axe
rCold   + . .      Faith    .    h - +0 buckler
rNeg    . . .      Spirit   .    f - +0 chain mail
rPois   .          Reflect  .    (helmet restricted)
rElec   .          Harm     .    (no cloak)
rCorr   .          Rampage  .    (no gloves)
Will    .....                    (no boots)
Stlth   ..........               (no amulet)
HPRegen 0.11/turn                c - ring of protection from cold
MPRegen 0.08/turn                (no ring)

@: mighty, lethally poisoned (-2 -> -21)
A: horns 2, retaliatory headbutt
a: no special abilities


You were on level 2 of the Dungeon.
You visited 1 branch of the dungeon, and saw 2 of its levels.

You collected 98 gold pieces.

Inventory:

Hand Weapons
 a - a +0 war axe (weapon)
Armour
 b - a +0 scale mail
 f - a +0 chain mail (worn)
   (You found it on level 1 of the Dungeon)
 h - a +0 buckler (worn)
Jewellery
 c - a ring of protection from cold (left hand)
   (You found it on level 1 of the Dungeon)
Scrolls
 j - 2 scrolls of identify {unknown}
 l - a scroll of enchant armour {unknown}
 m - a scroll of butterflies {unknown}
 n - a scroll of silence {unknown}
Potions
 g - a potion of curing {unknown}
 i - a potion of flight {unknown}
 k - a potion of haste {unknown}
 w - a potion of heal wounds


   Skills:
 + Level 4.2 Fighting
 * Level 4.0 Axes
 + Level 4.2 Armour
 - Level 3.6 Shields


You had 2 spell levels left.
You didn't know any spells.
Your spell library was empty.

Dungeon Overview and Level Annotations

Branches:
Dungeon (2/15)

Altars:
Hepliaklqana


Innate Abilities, Weirdness & Mutations

You have a pair of horns on your head.
You reflexively headbutt those who attack you in melee.


Message History

The slug dart hits you but does no damage.
You hit the dart slug.
You kill the dart slug!
No target in view!
No target in view!
No target in view!
No target in view!
No target in view!
HP restored.
An endoplasm comes into view.
You see here a scroll labelled XUEWEY RUCOXTO.
An endoplasm is nearby!
An endoplasm is nearby!
An endoplasm is nearby!
Found a hazy altar of Hepliaklqana.
Found 12 gold pieces.
The endoplasm freezes you.
You are frozen.
You resist.
You slash the endoplasm!
You kill the endoplasm!
No target in view!
No target in view!
No target in view!
No target in view!
No target in view!
No target in view!
No target in view!
No target in view!
No target in view!
m - a scroll labelled XUEWEY RUCOXTO
Found a stone staircase leading up.
n - a scroll labelled QOBORO VOAXT You now have 86 gold pieces (gained 5).
There is a hazy altar of Hepliaklqana here.
You now have 98 gold pieces (gained 12).
Found a chain mail.
Terence the Incautious comes into view.
He is wielding a +0 short sword of venom.
Terence shouts!
Terence is nearby!
Terence is nearby!
Terence says, "Don't bother to defend, it's senseless."
Found a potion of might.
A goblin comes into view. It is wielding a +0 dagger.
Terence hits you with a +0 short sword of venom.
You are poisoned.
You barely miss Terence.
The goblin shouts!
You headbutt Terence!
Terence is moderately wounded.
You feel very sick.
Terence hits you with a +0 short sword of venom.
You are more poisoned.
You barely miss Terence.
Terence is moderately wounded.
You feel very sick. Terence hits you but does no damage.
You barely miss Terence. You headbutt Terence.
Terence is heavily wounded.
You feel very sick. You block Terence's attack.
Terence hits you but does no damage.
You are lethally poisoned!
You closely miss Terence.
Terence is heavily wounded.
You feel very sick.
Terence hits you with a +0 short sword of venom.
* * * LOW HITPOINT WARNING * * *
You are more poisoned.
You are too injured to fight recklessly!
You are too injured to fight recklessly!
You are too injured to fight recklessly!
You are too injured to fight recklessly!
You are too injured to fight recklessly!
You are too injured to fight recklessly!
You are too injured to fight recklessly!
You hit Terence but do no damage.
Terence is heavily wounded.
* * * LOW HITPOINT WARNING * * *
You feel very sick. Terence closely misses you.
Unknown command.
It was a potion of heal wounds.
You feel much better.
w - a potion of heal wounds You feel very sick.
The goblin hits you with a +0 dagger. Terence hits you but does no damage.
You are more poisoned.
You feel very mighty all of a sudden.
You feel very sick. The goblin hits you but does no damage.
Terence hits you with a +0 short sword of venom.
You are more poisoned.
You slash Terence!
You kill Terence!
You hit the goblin.
You kill the goblin!
* * * LOW HITPOINT WARNING * * *
You feel extremely sick.
Your Axes skill increases to level 4!
* * * LOW HITPOINT WARNING * * *
You feel very sick.
You die...

#....##.#......##
#.......#...#.##
######...##...#..<#
#.........#.###.#.#
#.........#.# .#...
#............ ..
#.._......#.# ...
#.....##.##.# ....
#.........#@###.....
###....##.#.#)......
#######....)..[...
##..........
#.###...... #.#
#.#... #.# !# .. #.#
# # #.#


There were no monsters in sight!

Vanquished Creatures
  Terence (D:2)
  A dart slug (D:2)
  5 ball pythons (D:1)
  3 endoplasms
  5 goblins
  2 hobgoblins (D:1)
  2 jackals (D:1)
  3 kobolds (D:1)
  3 quokkas (D:1)
  3 bats (D:1)
  3 frilled lizards (D:1)
  2 rats (D:1)
33 creatures vanquished.

Notes
Turn   | Place    | Note
-------+----------+-------------------------------------------
     0 | D:1      | Flugkiller the Minotaur Fighter began the quest for the
                  | Orb.
     0 | D:1      | Reached XP level 1. HP: 19/19 MP: 0/0
   234 | D:1      | Reached XP level 2. HP: 26/27 MP: 1/1
   619 | D:1      | Reached XP level 3. HP: 31/33 MP: 2/2
   888 | D:2      | Found a hazy altar of Hepliaklqana.
   939 | D:2      | Noticed Terence
   949 | D:2      | Killed Terence
   951 | D:2      | Succumbed to Terence's poison

Illustrated notes

Levels and vault maps discovered:
D:1:      saegor_arrival_simple_d, layout_loops_cross
D:2:      layout_rooms, basic_altar, minmay_misc_feat_cross, uniq_terence

Skill      XL: |  1  2  3 |
---------------+----------+-----
Axes           | 3 4 |  4.0
Fighting       | 4 |  4.2
Armour         | 4 |  4.2
Shields        | |  3.6

Action                   || total
-------------------------++-------
Melee: War axe           ||    56
       Headbutt          ||     6
  Use: Potion            ||     2
Armor: Chain mail        ||    39
       Scale mail        ||     3
Dodge: Dodged            ||    25
Block: Buckler           ||     6

Table legend: (Time is in decaauts)
 A = Elapsed time spent in this place.
 B = Non-inter-level travel time spent in this place.
 C = Inter-level travel time spent in this place.
 D = Time resting spent in this place.
 E = Time spent auto-exploring this place.
 F = Levels seen in this place.
 G = Mean time per level.
                   A        B        C        D        E       F      G
               +--------+--------+--------+--------+--------+-----+--------+
         Total |    973 |    895 |     78 |      0 |    706 |   2 |  486.5 |
       Dungeon |    973 |    895 |     78 |      0 |    706 |   2 |  486.5 |
               +--------+--------+--------+--------+--------+-----+--------+

Top non-repeatable levels by time:
     D:1: 896 daAuts
     D:2: 76 daAuts
